 Dungeon Sprint DCSS version 0.27-a0-1217-g8a41f320e8 (webtiles) character file.

Game seed: 7812491735199794595

7769 mhtbhm the Severer (level 11, -3/111 HPs)
             Began as a Minotaur Berserker on June 5, 2021.
             Was a High Priest of Trog.
             Succumbed to a spriggan defender's poison
             ... in the Dungeon (Sprint IV: "Fedhas' Mad Dash").
             The game lasted 00:03:46 (3247 turns).

mhtbhm the Severer (Minotaur Berserker)             Turns: 3247, Time: 00:03:47

Health: -3/111     AC:  5    Str: 25    XL:     11   Next: 1%
Magic:  10/10      EV: 15    Int:  4    God:    Trog [*****.]
Gold:   230        SH:  0    Dex: 10    Spells: 10/10 levels left

rFire    . . .     SeeInvis .   a - +7 battleaxe
rCold    . . .     Faith    .   (shield currently unavailable)
rNeg     . . .     Spirit   .   b - +0 leather armour
rPois    .         Reflect  .   (helmet restricted)
rElec    .         Harm     .   (no cloak)
rCorr    .         Rampage  .   o - +0 pair of gloves
Will     .....     NoTele   +   (no boots)
Stlth    ++++......             l - amulet of invisibility {+Inv}
HPRegen  0.28/turn              (no ring)
MPRegen  0.12/turn              (no ring)

@: lethally poisoned (-3 -> -39), on berserk cooldown, slowed, very slow
A: horns 2, retaliatory headbutt
a: Renounce Religion, Evoke Invisibility, Berserk, Trog's Hand, Brothers in Arms


You were in the Dungeon.
You worshipped Trog.
Trog was extremely pleased with you.
You visited 1 branch You collected 230 gold pieces.

Inventory:

Hand Weapons
 a - a +7 battleaxe (weapon)
 t - the +8 storm bow {elec, penet}
   (You found it in the Dungeon)

   It charges the ammunition it shoots with electricity; occasionally upon a
   hit, such missiles may discharge and cause terrible harm.
   Ammo fired by it passes through the targets it hits, potentially hitting all
   targets in its path until it reaches maximum range.
Missiles
 s - 2 curare-tipped darts
Armour
 b - a +0 leather armour (worn)
 o - a +0 pair of gloves (worn)
Jewellery
 l - the amulet of invisibility (around neck) {+Inv}
   (You found it in the Dungeon)

   [amulet of nothing]

   It lets you turn invisible.
Scrolls
 h - a scroll of blinking
 i - a scroll of amnesia {unknown}
 m - a scroll of torment {unknown}
 p - 2 scrolls of identify {unknown}
Potions
 c - a potion of curing
 e - a potion of haste
 f - 2 potions of magic
 g - a potion of berserk rage
 j - a potion of attraction {unknown}
 k - a potion of degeneration {unknown}
 q - a potion of ambrosia {unknown}
 r - a potion of invisibility {unknown}
Miscellaneous
 n - a phial of floods


   Skills:
 + Level 14.8 Fighting
 + Level 17.8 Axes
 + Level 6.8 Armour
 + Level 10.3 Dodging
 + Level 11.3 Stealth
 + Level 6.8 Evocations


You had 10 spell levels left.
You didn't know any spells.
Your spell library was empty.

Dungeon Overview and Level Annotations

Branches:
Dungeon (1/1)

Altars:
Cheibriados
Dithmenos
Elyvilon
Gozag
Hepliaklqana
Kikubaaqudgha
Makhleb
Nemelex Xobeh
Okawaru
Qazlal
Ru
Sif Muna
Trog
Uskayaw
Vehumet
Wu Jian
Xom
Yredelemnul
Zin
The Shining One
Beogh
Jiyva
Lugonu

Shops:
D =[*:!=[(


Innate Abilities, Weirdness & Mutations

You have a pair of horns on your head.
You reflexively headbutt those who attack you in melee.


Message History

Your headbutt misses the spriggan defender.
The spriggan defender is lightly wounded.
You feel very sick.
You slash the spriggan defender!
The spriggan defender is moderately wounded.
You feel very sick.
The spriggan defender hits you with a +0 lajatang of venom!!!
You are lethally poisoned!
You slash the spriggan defender!
The spriggan defender is heavily wounded.
You feel extremely sick.
Your deep troll misses the spriggan defender.
Your deep troll closely misses the spriggan defender.
Your deep troll barely misses the spriggan defender.
The spriggan defender hits you with a +0 lajatang of venom!!
* * * LOW HITPOINT WARNING * * *
You slice the spriggan defender!!
The spriggan defender is almost dead.
* * * LOW HITPOINT WARNING * * *
You feel very sick.
Your deep troll bites the spriggan defender!!
The spriggan defender dies!
Trog accepts your kill.
Your Stealth skill increases to level 11!
You have reached level 11!
Unknown command.
* * * LOW HITPOINT WARNING * * *
You feel extremely sick.
Things that are here:
a +0 lajatang of venom; a +0 robe; a spriggan corpse You feel a strong urge to attack something.
* * * LOW HITPOINT WARNING * * *
You feel extremely sick.
* * * LOW HITPOINT WARNING * * *
You feel extremely sick.
Unknown command.
You feel your anger nearly subside.
You are no longer berserk.
You are exhausted.
You feel yourself slow down.
You die...

##########.....)###)))..♣.#
)###.'..')......))'.).♣..∩#
♣##:.#..#.......###########
.###.##'##......#
♣'...#♣.♣########
######.....####
#..♣..♣....###
#.i.♣......♣.T.♣###
......♣.....∩.∩.@."#
####################


You could see a friendly deep troll (summoned, berserk).

Vanquished Creatures
  A spriggan druid (D)
  6 oklob plants (D)
  A demonic crawler (D)
  3 burning bushes (D)
  A queen bee (D)
  2 hornets (D)
  3 wandering mushrooms (D)
  3 scorpions (D)
  4 killer bees (D)
  5 oklob saplings (D)
  6 spriggans (D)
  A river rat (D)
  A rat (D)
  2 ballistomycete spores (D)
39 creatures vanquished.

Vanquished Creatures (collateral kills)
  Agnes (D)
  A spriggan defender (D)
  A hornet (D)
3 creatures vanquished.

Vanquished Creatures (others)
  2 bushes (D)
  4 fungi (D)
6 creatures vanquished.

Grand Total: 48 creatures vanquished

Notes
Turn   | Place    | Note
-------+----------+-------------------------------------------
     0 | D        | mhtbhm the Minotaur Berserker began the quest for the Orb.
     0 | D        | Reached XP level 1. HP: 19/19 MP: 0/0
     9 | D        | Reached skill level 4 in Axes
     9 | D        | Reached XP level 2. HP: 28/28 MP: 1/1
   161 | D        | Noticed an oklob sapling
   164 | D        | Killed an oklob sapling
   164 | D        | Reached ** piety under Trog
   165 | D        | Reached skill level 5 in Fighting
   165 | D        | Reached skill level 6 in Axes
   165 | D        | Reached XP level 3. HP: 37/37 MP: 2/2
   299 | D        | Noticed a scorpion
   300 | D        | Found the amulet of invisibility {+Inv}
   302 | D        | Killed a scorpion
   303 | D        | Reached skill level 7 in Axes
   303 | D        | Reached XP level 4. HP: 47/47 MP: 3/3
   417 | D        | Found an opulent altar of Gozag.
   417 | D        | Found a hazy altar of Hepliaklqana.
   417 | D        | Found a burning altar of Makhleb.
   417 | D        | Found a sparkling altar of Nemelex Xobeh.
   417 | D        | Found a snail-covered altar of Cheibriados.
   417 | D        | Found a sacrificial altar of Ru.
   417 | D        | Found a shimmering blue altar of Sif Muna.
   417 | D        | Found a shimmering altar of Xom.
   417 | D        | Found a basalt altar of Yredelemnul.
   418 | D        | Found a viscous altar of Jiyva.
   418 | D        | Found a bloodstained altar of Trog.
   418 | D        | Found an ornate altar of the Wu Jian Council.
   419 | D        | Found an iron altar of Okawaru.
   419 | D        | Found a shadowy altar of Dithmenos.
   419 | D        | Found a glowing silver altar of Zin.
   420 | D        | Found an ancient bone altar of Kikubaaqudgha.
   420 | D        | Found a hide-covered altar of Uskayaw.
   421 | D        | Found a stormy altar of Qazlal.
   421 | D        | Found a white marble altar of Elyvilon.
   421 | D        | Found a glowing golden altar of the Shining One.
   422 | D        | Found a corrupted altar of Lugonu.
   422 | D        | Found a radiant altar of Vehumet.
   432 | D        | Reached skill level 8 in Axes
   432 | D        | Reached XP level 5. HP: 53/53 MP: 2/4
   475 | D        | Reached *** piety under Trog
   476 | D        | Reached skill level 9 in Axes
   715 | D        | Reached skill level 5 in Dodging
   719 | D        | Reached skill level 10 in Axes
   719 | D        | Reached skill level 1 in Evocations
   719 | D        | Reached XP level 6. HP: 66/66 MP: 5/5
   877 | D        | Found Igaruobic's Antique Armour Shop.
   877 | D        | Found Olielot's Jewellery Emporium.
   891 | D        | Noticed a burning bush
   891 | D        | Noticed a wandering mushroom
   893 | D        | Noticed a wandering mushroom
   900 | D        | Reached **** piety under Trog
   901 | D        | Reached skill level 10 in Fighting
   901 | D        | Reached skill level 5 in Armour
   905 | D        | Killed a wandering mushroom
   906 | D        | Reached skill level 11 in Axes
   906 | D        | Reached skill level 1 in Stealth
   910 | D        | Killed a burning bush
   911 | D        | Reached skill level 12 in Axes
   911 | D        | Reached XP level 7. HP: 74/74 MP: 4/6
   912 | D        | Found Boann's Jewellery Emporium.
   912 | D        | Found Wusaymm's Distillery.
  1825 | D        | Noticed a queen bee
  1833 | D        | Reached ***** piety under Trog
  1835 | D        | Reached skill level 13 in Axes
  1840 | D        | Killed a queen bee
  1841 | D        | Reached XP level 8. HP: 84/84 MP: 7/7
  2027 | D        | Noticed an oklob plant
  2030 | D        | Killed an oklob plant
  2031 | D        | Reached skill level 14 in Axes
  2265 | D        | Noticed a burning bush
  2274 | D        | Killed a burning bush
  2476 | D        | Noticed a burning bush
  2476 | D        | Noticed an oklob plant
  2477 | D        | Noticed a wandering mushroom
  2483 | D        | Killed a burning bush
  2484 | D        | Reached skill level 5 in Stealth
  2490 | D        | Reached XP level 9. HP: 93/93 MP: 6/8
  2493 | D        | Killed an oklob plant
  2494 | D        | Reached skill level 15 in Axes
  2497 | D        | Reached ****** piety under Trog
  2498 | D        | Reached skill level 5 in Evocations
  2557 | D        | Noticed a spriggan druid
  2565 | D        | Killed a spriggan druid
  2565 | D        | Received a gift from Trog
  2715 | D        | Noticed an oklob plant conjurer
  2716 | D        | Killed an oklob plant conjurer
  2717 | D        | Reached skill level 16 in Axes
  2765 | D        | Noticed an oklob plant
  2765 | D        | Noticed an oklob plant summoner
  2769 | D        | Noticed an oklob plant shifter
  2777 | D        | Killed an oklob plant
  2779 | D        | Killed an oklob plant summoner
  2780 | D        | Reached XP level 10. HP: 103/103 MP: 7/9
  2783 | D        | Killed an oklob plant shifter
  2841 | D        | Received a gift from Trog
  2880 | D        | Noticed a spriggan rider
  2881 | D        | Found Iruon's Armour Emporium.
  2892 | D        | Killed a spriggan rider
  2893 | D        | Reached skill level 17 in Axes
  2893 | D        | Reached skill level 10 in Stealth
  2893 | D        | Found Iddap's Antique Weapon Shoppe.
  2902 | D        | Found the +8 storm bow {elec, penet}
  3000 | D        | Noticed Agnes
  3009 | D        | Killed Agnes
  3010 | D        | Reached skill level 10 in Dodging
  3088 | D        | Identified the +1 longbow "Socuv" {elec, rCorr Stlth+}
  3088 | D        | Noticed a spriggan rider
  3100 | D        | Received a gift from Trog
  3231 | D        | Found Emoner's Assorted Antiques.
  3231 | D        | Noticed a spriggan berserker
  3233 | D        | Found Goym's Book Shoppe.
  3234 | D        | Noticed a spriggan defender
  3243 | D        | Killed a spriggan defender
  3244 | D        | Reached XP level 11. HP: 25/111 MP: 10/10
  3246 | D        | HP: 2/166 [poisoned by a spriggan defender]
  3247 | D        | Succumbed to a spriggan defender's poison

Illustrated notes

Levels and vault maps discovered:
D:        dungeon_sprint_fedhas [sprint_temple]

Skill      XL: |  1  2  3  4  5  6  7  8  9 10 |
---------------+-------------------------------+-----
Fighting       | 4 5 7 8 9 11 12 13 14 | 14.8
Axes           | 4 6 7 8 10 12 13 14 16 17 | 17.8
Armour         | 3 4 5 6 |  6.8
Dodging        | 3 4 5 6 7 8 9 10 | 10.3
Evocations     | 1 2 3 4 5 6 |  6.8
Stealth        | 2 3 5 8 11 | 11.3

Action                   |  1- 3 |  4- 6 |  7- 9 | 10-12 || total
-------------------------+-------+-------+-------+-------++-------
Melee: Hand axe          |     5 |    30 |     8 |       ||    43
       Headbutt          |     2 |     9 |    17 |     3 ||    31
       War axe           |       |       |    46 |    19 ||    65
       Battleaxe         |       |       |       |     4 ||     4
Invok: Berserk           |     3 |     5 |     7 |     5 ||    20
       Brothers in Arms  |       |       |       |     2 ||     2
 Abil: Evoke Invisibilit |       |     2 |     2 |       ||     4
  Use: Potion            |       |       |       |     1 ||     1
 Stab: Invisible         |       |     3 |     6 |     1 ||    10
       Sleeping          |       |       |     2 |     1 ||     3
Armor: Animal skin       |       |       |     2 |       ||     2
       Leather armour    |       |       |       |     1 ||     1
Dodge: Dodged            |     5 |    13 |    27 |    15 ||    60

Table legend: (Time is in decaauts)
 A = Elapsed time spent in this place.
 B = Non-inter-level travel time spent in this place.
 C = Inter-level travel time spent in this place.
 D = Time resting spent in this place.
 E = Time spent auto-exploring this place.
 F = Levels seen in this place.
 G = Mean time per level.
                   A        B        C        D        E       F      G
               +--------+--------+--------+--------+--------+-----+--------+
         Total |   3396 |   3396 |      0 |   2833 |     32 |   1 | 3396.0 |
       Dungeon |   3396 |   3396 |      0 |   2833 |     32 |   1 | 3396.0 |
               +--------+--------+--------+--------+--------+-----+--------+

Top non-repeatable levels by time:
       D: 3396 daAuts
